 Dungeon Crawl Stone Soup version 0.28-a0-1624-g820543e53a (webtiles) character file.

Game seed: 2400747709448366901

401 HallandMoats the Skirmisher (level 6, -4/53 HPs)
             Began as a Ghoul Fighter on Jan 23, 2022.
             Was an Initiate of Okawaru.
             Slain by Eustachio (5 damage)
             ... on level 4 of the Dungeon.
             The game lasted 00:04:53 (3278 turns).

HallandMoats the Skirmisher (Ghoul Fighter)         Turns: 3278, Time: 00:04:53

Health: -4/53      AC:  6    Str: 20    XL:     6   Next: 85%
Magic:  15/15      EV:  9    Int:  5    God:    Okawaru [......]
Gold:   155        SH:  4    Dex:  8    Spells: 5/5 levels left

rFire   . . .      SeeInvis .   a - +1 short sword (venom)
rCold   + . .      Faith    .   f - +0 buckler
rNeg    + + +      Spirit   .   e - +0 scale mail
rPois   ∞          Reflect  .   (no helmet)
rElec   .          Harm     .   (no cloak)
rCorr   .          Rampage  .   (no gloves)
Will    .....                   (no boots)
Stlth   ..........              (no amulet)
HPRegen 0.00/turn               i - ring of magical power
MPRegen 0.14/turn               (no ring)

@: mighty, inhibited regen
A: claws 1, cold resistance 1, negative energy resistance 3, inhibited
regeneration, torment resistance 2
a: Renounce Religion


You were on level 4 of the Dungeon.
You worshipped Okawaru.
Okawaru was noncommittal.
You visited 2 branches of the dungeon, and saw 5 of its levels.

You collected 155 gold pieces.

Inventory:

Hand Weapons
 a - a +1 short sword of venom (weapon)
 b - a +2 vorpal hunting sling
Missiles
 g - 4 stones (quivered)
Armour
 e - a +0 scale mail (worn)
 f - a +0 buckler (worn)
Jewellery
 i - a ring of magical power (left claw)
Wands
 j - a wand of mindburst (11)
Scrolls
 c - a scroll of fog {unknown}
 d - 3 scrolls of magic mapping {unknown}
 h - a scroll of acquirement {unknown}
 l - a scroll of teleportation {unknown}
 n - a scroll of identify {unknown}
 p - a scroll of blinking {unknown}
Potions
 k - 2 potions of heal wounds {unknown}
 m - a potion of flight {unknown}


   Skills:
 + Level 4.4 Fighting
 * Level 2.8 Slings
 + Level 3.6 Armour
 + Level 2.0 Dodging
 + Level 3.5 Shields
 - Level 2.1 Unarmed Combat
 + Level 2.4 Invocations


You had 5 spell levels left.
You didn't know any spells.
Your spell library contained the following spells:

 Spells                   Type           Power      Damage    Failure   Level
 Foxfire                  Conj/Fire      0%         2x1d4     89%         1
 Conjure Flame            Conj/Fire      0%         6-21      99%         3
 Inner Flame              Hex/Fire       0%         N/A       99%         3
 Flame Wave               Conj/Fire      0%         2d4       100%        4


Dungeon Overview and Level Annotations

Branches:
Dungeon (4/15)             Temple (1/1) D:4

Altars:
Ashenzari
Cheibriados
Dithmenos
Elyvilon
Gozag
Hepliaklqana
Kikubaaqudgha
Makhleb
Nemelex Xobeh
Okawaru
Ru
Sif Muna
Uskayaw
Vehumet
Wu Jian
Xom
Yredelemnul
Zin

Shops:
D:3 [

Annotations:
D:4 Eustachio


Innate Abilities, Weirdness & Mutations

You thrive by killing the living.
You are immune to poison.
You have sharp fingernails.
Your flesh is cold resistant. (rC+)
You are immune to negative energy. (rN+++)
You do not regenerate when monsters are visible.
You are immune to unholy pain and torment.


Message History

You hit the shadow imp.
The shadow imp is heavily wounded.
The shadow imp hits you but does no damage.
You puncture the shadow imp!
You kill the shadow imp!
The shadow imp disappears in a puff of smoke!
You closely miss the shadow imp. The shadow imp barely misses you.
The shadow imp hits you.
* * * LOW HITPOINT WARNING * * *
You closely miss the shadow imp. The shadow imp barely misses you.
You closely miss the shadow imp. The shadow imp barely misses you.
You closely miss the shadow imp. The shadow imp closely misses you.
Eustachio mumbles some strange words.
Eustachio blinks!
You hit the shadow imp.
The shadow imp is poisoned.
The shadow imp is moderately wounded.
The shadow imp hits you but does no damage.
You hit the shadow imp.
The shadow imp is severely wounded.
You kill the shadow imp!
The shadow imp disappears in a puff of smoke!
You puncture the white imp!
The white imp is almost dead.
The white imp gestures at you. The puff of frost hits you. You resist.
* * * LOW HITPOINT WARNING * * *
Eustachio gestures wildly while chanting.
Eustachio blinks!
You hit the white imp.
You kill the white imp!
The white imp disappears in a puff of smoke!
Eustachio mumbles some strange words.
Eustachio blinks!
Eustachio hits you with a +0 falchion.
* * * LOW HITPOINT WARNING * * *
There is a stone staircase leading up here.
You barely miss Eustachio.
Eustachio is moderately wounded.
Eustachio hits you with a +0 falchion.
You die...

########## ###
#.#.##...# #.#
#.#.##...########.#
#......@@....†....#
#.######.########.#
#............# #.#
#######
########.###.# #.#
......# #.# #.# #@#
......# #.# #.# #.#
......# #.# #.# #.#
####### #.# #.# #.#
# ############.#
#.# #(#


You could see Eustachio.

Vanquished Creatures
  Sigmund (D:3)
  An ogre (D:4)
  An orc wizard (D:2)
  6 adders
  3 worms
  3 dart slugs
  4 orcs
  6 bats
  4 endoplasms
  3 giant cockroaches
  11 goblins
  9 hobgoblins
  2 jackals (D:1)
  2 quokkas
  4 ball pythons
  6 frilled lizards
  3 kobolds
  5 rats
74 creatures vanquished.

Notes
Turn   | Place    | Note
-------+----------+-------------------------------------------
     0 | D:1      | HallandMoats the Ghoul Fighter began the quest for the Orb.
     0 | D:1      | Reached XP level 1. HP: 19/19 MP: 0/0
   436 | D:1      | Reached XP level 2. HP: 26/26 MP: 1/1
   930 | D:2      | Reached XP level 3. HP: 31/31 MP: 2/2
  1021 | D:2      | Reached skill level 1 in Slings
  1021 | D:2      | Reached skill level 1 in Invocations
  1045 | D:2      | Reached XP level 4. HP: 35/40 MP: 3/3
  1227 | D:2      | Reached skill level 1 in Dodging
  1443 | D:3      | Found Waicij's Armour Boutique.
  1576 | D:3      | Noticed Sigmund
  1585 | D:3      | Killed Sigmund
  1586 | D:3      | Reached skill level 4 in Fighting
  1586 | D:3      | Reached XP level 5. HP: 46/46 MP: 5/5
  1586 | D:3      | Reached XP level 6. HP: 52/52 MP: 6/6
  1886 | D:3      | Found a faded altar of an unknown god.
  2637 | D:4      | Found a staircase to the Ecumenical Temple.
  2645 | Temple   | Entered the Ecumenical Temple
  2735 | Temple   | Became a worshipper of Warmaster Okawaru
  3192 | D:4      | Noticed Eustachio
  3277 | D:4      | HP: 1/53 [Eustachio (4)]
  3278 | D:4      | Slain by Eustachio

Illustrated notes

Levels and vault maps discovered:
D:1:      shiori_arrival_oz, layout_loops_ring, nrook_uturn, chequers_big_river
D:2:      layout_basic
D:3:      minmay_razor_zed, layout_basic, hellmonk_ecumenical_altar_zigzags,
          serial_shops, shop, uniq_sigmund
D:4:      layout_basic, minmay_temple_entry_mist, uniq_pikel, uniq_eustachio
Temple:   compressed_dpeg_circular_temple

Skill      XL: |  1  2  3  4  5  6 |
---------------+-------------------+-----
Shields        | 3 |  3.5
Armour         | 3 |  3.6
Slings         | 1 2 |  2.8
Invocations    | 1 2 |  2.4
Dodging        | 1 2 |  2.0
Fighting       | 4 |  4.4
Unarmed Combat | |  2.1

Action                   |  1- 3 |  4- 6 || total
-------------------------+-------+-------++-------
Melee: Unarmed           |    10 |       ||    10
       Short sword       |    82 |   138 ||   220
 Fire: Hunting sling     |     3 |     6 ||     9
  Use: Potion            |       |     2 ||     2
Armor: Scale mail        |    64 |    41 ||   105
Dodge: Dodged            |    53 |    51 ||   104
Block: Buckler           |    15 |    30 ||    45

Table legend: (Time is in decaauts)
 A = Elapsed time spent in this place.
 B = Non-inter-level travel time spent in this place.
 C = Inter-level travel time spent in this place.
 D = Time resting spent in this place.
 E = Time spent auto-exploring this place.
 F = Levels seen in this place.
 G = Mean time per level.
                   A        B        C        D        E       F      G
               +--------+--------+--------+--------+--------+-----+--------+
         Total |   3319 |   3248 |     71 |     23 |   2568 |   5 |  663.8 |
       Dungeon |   3204 |   3157 |     47 |     23 |   2509 |   4 |  801.0 |
        Temple |    114 |     90 |     24 |      0 |     59 |   1 |  114.0 |
               +--------+--------+--------+--------+--------+-----+--------+

Top non-repeatable levels by time:
     D:3: 1192 daAuts
     D:1: 913 daAuts
     D:2: 553 daAuts
     D:4: 545 daAuts
  Temple: 114 daAuts
